 Dungeon Crawl Stone Soup version 0.22.1-2-g9c5b331 (webtiles) character file.

9044 Yuikono the Archer (level 11, -2/92 HPs)
             Began as a Centaur Hunter on Dec 6, 2018.
             Was a Priest of Fedhas.
             Shot with an arrow by a centaur warrior (10 damage)
             ... on level 10 of the Dungeon on Dec 7, 2018.
             The game lasted 01:07:46 (15675 turns).

Yuikono the Archer (Centaur Hunter)                Turns: 15675, Time: 01:07:46

Health: -2/92      AC:  9    Str: 16    XL:     11   Next: 17%
Magic:  13/13      EV:  8    Int: 10    God:    Fedhas [***...]
Gold:   585        SH:  0    Dex: 12    Spells: 10/10 levels left

rFire    . . .     SeeInvis +   a - +2 shortbow
rCold    . . .     Gourm    .   (shield currently unavailable)
rNeg     . . .     Faith    .   r - +0 ring mail {MR+}
rPois    .         Spirit   .   v - +0 helmet
rElec    .         Reflect  .   l - +2 cloak
rCorr    .         Harm     .   (no gloves)
MR       +....                  (no barding)
Stlth    ++........             (no amulet)
HPRegen  0.25/turn              M - ring of see invisible
MPRegen  0.13/turn              (no ring)

@: very quick
A: large, hooves 3, deformed body, speed 2, tough skin 3
a: Fungal Bloom, Sunlight, Evolution, Growth, Renounce Religion


You were on level 10 of the Dungeon.
You worshipped Fedhas.
Fedhas was most pleased with you.
You were not hungry.

You visited 2 branches of the dungeon, and saw 11 of its levels.
You also visited: Ossuary.

You collected 825 gold pieces.
You spent 240 gold pieces at shops.

Inventory:

Hand Weapons
 a - a +2 shortbow (weapon)
 o - a +1 halberd
Missiles
 b - a throwing net
 d - 77 arrows (quivered)
 i - 377 stones
 x - 13 tomahawks
Armour
 l - a +2 cloak (worn)
 r - a +0 ring mail of magic resistance (worn)
 v - a +0 helmet (worn)
 A - a scarf of spirit shield
 B - a +2 robe of the Archmagi
Magical Staves
 t - an uncursed staff of death
Jewellery
 n - an uncursed ring of fire
 M - a ring of see invisible (left hand)
Wands
 m - a wand of polymorph (12)
 z - a wand of disintegration (19)
 E - a wand of random effects (14)
Scrolls
 e - 4 scrolls of enchant weapon
 g - 8 scrolls of remove curse
 s - 2 scrolls of fog
 u - 3 scrolls of amnesia
 y - 2 scrolls of magic mapping
 D - a scroll of teleportation
 F - 3 scrolls of fear
 H - a scroll of vulnerability
 I - a scroll of random uselessness {unknown}
Potions
 c - 2 potions of haste
 h - a potion of curing
 j - 2 potions of flight
 k - a potion of might
 p - 3 potions of resistance
 w - a potion of lignification
 C - 3 potions of agility
 G - 5 potions of brilliance
 K - a potion of magic {unknown}
 L - a potion of berserk rage
Comestibles
 f - 11 rations
 q - 2 chunks of flesh


   Skills:
 - Level 7.4 Fighting
   Level 0.0 Short Blades
   Level 4.3(6.2) Axes
 + Level 7.0(7.6) Polearms
 - Level 14.0 Bows
 - Level 1.3 Dodging
 - Level 4.9 Stealth
 + Level 3.0 Invocations


You had 10 spell levels left.
You didn't know any spells.
Your spell library contained the following spells:

 Spells                   Type           Power        Failure   Level  Hunger
 Confusing Touch          Hex            #.....       58%         1    ##.....
 Freeze                   Ice            #...         58%         1    ##.....
 Throw Frost              Conj/Ice       #.....       73%         2    ###....
 Confuse                  Hex            #.......     91%         3    ####...
 Gell's Gravitas          Tloc           #.........   91%         3    ####...
 Ozocubu's Armour         Chrm/Ice       #.......     91%         3    ####...
 Petrify                  Tmut/Erth      #.......     100%        4    #####..
 Summon Ice Beast         Ice/Summ       #.......     100%        4    #####..
 Throw Icicle             Conj/Ice       #.......     100%        4    #####..
 Metabolic Englaciation   Hex/Ice        #.........   100%        5    ######.
 Yara's Violent Unravell  Hex/Tmut       #.........   100%        5    ######.


Dungeon Overview and Level Annotations

Branches:
Dungeon (10/15)            Temple (1/1) D:4
   Lair: D:8-11         Orc: D:9-12

Altars:
Ashenzari
Cheibriados
Dithmenos
Elyvilon
Fedhas
Gozag
Hepliaklqana
Kikubaaqudgha
Makhleb
Nemelex Xobeh
Okawaru
Qazlal
Ru
Sif Muna
Trog
Uskayaw
Vehumet
Wu Jian
Xom
Yredelemnul
Zin
The Shining One
Beogh

Shops:
D:8 !

Annotations:
D:6 3 runed doors, smtktc's ghost, novice SpAs


Innate Abilities, Weirdness & Mutations

You have hooves in place of feet.
Armour fits poorly on your strangely shaped body.
You cover ground very quickly.
You have extremely tough skin. (AC +3)


Message History

The centaur warrior is moderately wounded.
The centaur warrior shoots an arrow.
The arrow hits you!
The centaur warrior shoots an arrow.
The arrow hits you!!
You see here an arrow.
You are too injured to fight recklessly!
You are too injured to fight recklessly!
You are too injured to fight recklessly!
The centaur warrior shoots an arrow.
The arrow hits you!
* * * LOW HITPOINT WARNING * * *
There is an open door, spattered with blood here.
You see here an arrow.
You see here 3 large rocks.
You close the door, pushing everything out of the way.
A centaur warrior opens the door.
The centaur warrior shoots an arrow.
The arrow hits you!!
* * * LOW HITPOINT WARNING * * *
You see here an arrow.
The centaur warrior shoots an arrow.
The arrow hits you!
You die...
Fedhas appreciates your contribution to the ecosystem.

##### #...# # #...# ##
#...## #. #...(# ##.
#....### ##.. ##..(..##
#..#
##########(.....(###.##
#....(@...........##.##
#c#######..รท..(((....#.
#'# ####......#....
##c## ##....<..... #.(.#
##......... ####(#### #
#.....>...
#.##)##(##(##.#
#.........
#....(.c(.(...#
####......
#.##.##.##.##(# ##....r


You could see a centaur warrior.

Vanquished Creatures
  2 two-headed ogres (D:8)
  Pikel (D:5)
  A cyclops (D:10)
  A gargoyle (D:10)
  Grinder (D:6)
  3 hippogriffs
  5 yaks (D:9)
  A hungry ghost (D:7)
  A water moccasin (D:7)
  4 orc warriors
  2 eyes of draining (D:8)
  2 slaves (D:5)
  A black bear (D:9)
  2 phantoms
  3 sky beasts
  An ice beast (D:9)
  5 ogres
  4 centaurs
  A big kobold (D:9)
  6 bullfrogs
  An elf skeleton (D:8)
  A wyvern skeleton (D:9)
  5 scorpions
  3 killer bees (D:9)
  3 wights (D:8)
  4 howler monkeys
  3 crimson imps
  4 orc priests
  5 hounds
  2 jellies
  Crazy Yiuf (D:6)
  4 human skeletons
  15 orc wizards
  3 bullfrog skeletons
  2 centaur skeletons
  2 iguanas
  4 worker ants
  A big kobold skeleton (Ossuary)
  Robin (D:3)
  3 mummies (Ossuary)
  7 gnolls
  A howler monkey skeleton (D:7)
  5 adders
  A shadow imp (D:8)
  3 worms
  3 dart slugs
  3 leopard geckos
  28 orcs
  8 bats
  5 giant cockroaches
  21 goblins
  7 hobgoblins
  10 jackals
  5 quokkas
  4 frilled lizards
  A gnoll skeleton (Ossuary)
  2 goblin skeletons (Ossuary)
  4 hobgoblin skeletons (Ossuary)
  3 jackal skeletons
  10 kobolds
  3 kobold skeletons (Ossuary)
  2 orc skeletons (D:8)
  4 quokka skeletons (Ossuary)
  9 rats
  2 rat skeletons (Ossuary)
265 creatures vanquished.

Vanquished Creatures (others)
  An unseen horror (D:10)
  A killer bee zombie (D:7)
  A worker ant zombie (D:10)
  60 toadstools
63 creatures vanquished.

Grand Total: 328 creatures vanquished

Notes
Turn   | Place    | Note
-------+----------+-------------------------------------------
     0 | D:1      | Yuikono the Centaur Hunter began the quest for the Orb.
     0 | D:1      | Reached XP level 1. HP: 17/17 MP: 1/1
   260 | D:1      | Reached XP level 2. HP: 9/24 MP: 2/2
   526 | D:1      | Reached skill level 1 in Stealth
  1696 | D:2      | Reached XP level 3. HP: 27/30 MP: 3/3
  2293 | D:3      | Reached skill level 6 in Bows
  2536 | D:3      | Reached XP level 4. HP: 38/38 MP: 4/4
  2638 | D:3      | Reached XP level 5. HP: 44/45 MP: 5/5
  3189 | D:3      | Noticed Robin
  3250 | D:3      | Killed Robin
  3828 | D:4      | Found a shadowy altar of Dithmenos.
  3836 | D:4      | Reached skill level 7 in Bows
  3836 | D:4      | Reached XP level 6. HP: 52/52 MP: 6/6
  4015 | D:4      | Found a staircase to the Ecumenical Temple.
  4021 | Temple   | Entered the Ecumenical Temple
  4207 | Temple   | Became a worshipper of Fedhas Madash
  4872 | D:4      | Found a stormy altar of Qazlal.
  5041 | D:4      | Found a deep blue altar of Sif Muna.
  5198 | D:5      | Entered Level 5 of the Dungeon
  5285 | D:5      | Reached XP level 7. HP: 60/60 MP: 7/7
  5581 | D:4      | Reached skill level 5 in Fighting
  5581 | D:4      | Reached skill level 8 in Bows
  6037 | D:5      | Noticed Pikel
  6846 | D:5      | Killed Pikel
  6846 | D:5      | Reached skill level 9 in Bows
  6846 | D:5      | Reached XP level 8. HP: 54/70 MP: 8/8
  7569 | D:6      | Noticed Grinder
  7597 | D:6      | Killed Grinder
  7851 | D:6      | Reached * piety under Fedhas
  7974 | D:6      | Found a runed door.
  7979 | D:6      | Noticed Crazy Yiuf
  7995 | D:6      | Killed Crazy Yiuf
  8455 | D:6      | Found a runed gate.
  8460 | D:6      | Found a runed gate.
  8460 | D:6      | Found a runed gate.
  8465 | D:6      | Noticed smtktc's ghost (novice SpAs)
  8467 | D:6      | Found a roughly hewn altar of Beogh.
  8708 | D:7      | Noticed a hippogriff
  8712 | D:7      | Reached skill level 10 in Bows
  8720 | D:7      | Killed a hippogriff
  8745 | D:7      | Reached XP level 9. HP: 65/79 MP: 9/9
  9436 | D:7      | Reached skill level 1 in Axes
  9775 | D:8      | Found a sand-covered staircase.
  9779 | D:8      | Reached skill level 11 in Bows
  9794 | Ossuary  | Entered an ossuary
 10017 | Ossuary  | Reached ** piety under Fedhas
 10405 | D:8      | Noticed a two-headed ogre
 10598 | D:8      | Found a bloodstained altar of Trog.
 10666 | D:8      | Reached skill level 12 in Bows
 11088 | D:8      | Killed a two-headed ogre
 11088 | D:8      | Reached XP level 10. HP: 41/86 MP: 10/10
 11446 | D:8      | Found Juud Hau's Distillery.
 11457 | D:8      | Bought a potion of might for 64 gold pieces
 11457 | D:8      | Bought a potion of ambrosia for 128 gold pieces
 11457 | D:8      | Bought a potion of flight for 48 gold pieces
 11572 | D:8      | Noticed a two-headed ogre
 11616 | D:8      | Killed a two-headed ogre
 11616 | D:8      | Reached skill level 13 in Bows
 12777 | D:9      | Found a snail-covered altar of Cheibriados.
 13087 | D:9      | Reached skill level 5 in Polearms
 13099 | D:9      | Reached skill level 14 in Bows
 13191 | D:9      | Reached *** piety under Fedhas
 13826 | D:10     | Entered Level 10 of the Dungeon
 14687 | D:8      | HP: 4/86 [poisoned by a killer bee]
 14694 | D:8      | HP: 3/86 [poisoned by a killer bee]
 14701 | D:8      | HP: 2/86 [poisoned by a killer bee]
 14709 | D:8      | HP: 2/86 [poisoned by a killer bee]
 15235 | D:10     | Reached XP level 11. HP: 77/92 MP: 11/11
 15253 | D:10     | Reached skill level 1 in Invocations
 15647 | D:10     | Noticed a centaur warrior
 15648 | D:10     | Noticed an unseen horror
 15655 | D:10     | Killed an unseen horror
 15675 | D:10     | Shot with an arrow by a centaur warrior

Skill      XL: |  1  2  3  4  5  6  7  8  9 10 11 |
---------------+----------------------------------+-----
Stealth        | 1 2 4 |  4.9
Bows           | 6 7 9 10 12 14 | 14.0
Fighting       | 3 4 6 7 |  7.4
Axes           | 4 |  4.3
Polearms       | 2 6 7 |  7.0
Invocations    | 3 |  3.0
Dodging        | |  1.3

Action                   |  1- 3 |  4- 6 |  7- 9 | 10-12 || total
-------------------------+-------+-------+-------+-------++-------
Melee: Short sword       |   148 |    92 |   146 |       ||   386
       Kick              |    30 |    19 |    84 |    31 ||   164
       Dagger            |       |       |    48 |       ||    48
       Shortbow          |       |       |     1 |       ||     1
       Hand axe          |       |       |   103 |       ||   103
       Halberd           |       |       |     9 |   164 ||   173
 Fire: Shortbow          |    14 |   125 |   291 |   218 ||   648
Throw: Stone             |     2 |     1 |    10 |     4 ||    17
Invok: Fungal Bloom      |       |       |    31 |    21 ||    52
  Use: Scroll            |       |       |    14 |     6 ||    20
       Potion            |       |       |     5 |     4 ||     9
 Stab: Sleeping          |       |       |     1 |       ||     1
  Eat: Chunk             |     2 |     4 |     5 |     7 ||    18
       Ration            |     1 |       |     6 |     1 ||     8
Armor: Leather armour    |    89 |       |       |       ||    89
       Ring mail         |       |    77 |   185 |   104 ||   366
Dodge: Dodged            |    81 |    62 |   144 |    93 ||   380
